 Dungeon Crawl Stone Soup version 0.23.2-40-g277498a (webtiles) character file.

Game seed: 11672436721710040272

11580 Aisha the Nimble (level 11, -1/81 HPs)
             Began as an Octopode Fire Elementalist on Sept 27, 2019.
             Was a High Priest of Kikubaaqudgha.
             Slain by a freezing wraith (14 damage)
             ... in an ice cave.
             The game lasted 00:37:37 (14936 turns).

Aisha the Nimble (Octopode Fire Elementalist)      Turns: 14936, Time: 00:37:38

Health: -1/81      AC:  2    Str:  8    XL:     11   Next: 80%
Magic:  12/27      EV: 18    Int: 24    God:    Kikubaaqudgha [*****.]
Gold:   580        SH:  0    Dex: 12    Spells: 5/20 levels left

rFire    x . .     SeeInvis .   v - +1 whip "Poikh" {slash, Int+3}
rCold    + . .     Gourm    .   (no shield)
rNeg     . . .     Faith    .   (helmet restricted)
rPois    .         Spirit   .   (no amulet)
rElec    .         Reflect  .   Q - ring of stealth
rCorr    .         Harm     .   W - ring of magical power
MR       .....                  O - +1 ring of protection
Stlth    ++++......             C - ring of ice
HPRegen  0.23/turn              (no ring)
MPRegen  0.20/turn              (no ring)
                                (no ring)
                                (no ring)

@: slowed, very slow
A: almost no armour, stealthy swim, amphibious, 8 rings, constrict 8, camouflage
1, gelatinous body 1
a: Receive Corpses, Torment, Renounce Religion


You were in an ice cave.
You worshipped Kikubaaqudgha.
Kikubaaqudgha was extremely pleased with you.
You were not hungry.

You visited 2 branches of the dungeon, and saw 13 of its levels.
You also visited: Ice Cave.

You collected 636 gold pieces.
You spent 56 gold pieces at shops.


Innate Abilities, Weirdness & Mutations

You cannot wear most types of armour.
You are very stealthy in the water. (Stealth+)
You are amphibious.
You can wear up to eight rings at the same time.
You can use your tentacles to constrict eight enemies at once.
Your skin changes colour to match your surroundings (Stealth+).
Your rubbery body absorbs attacks. (AC +1, EV +1)


   Skills:
 + Level 9.8 Fighting
 + Level 10.1 Dodging
 - Level 2.6 Stealth
 - Level 5.0 Spellcasting
 - Level 8.0 Conjurations
 - Level 8.3 Fire Magic


You had 5 spell levels left.
You knew the following spells:

 Your Spells              Type           Power        Failure   Level  Hunger
b - Fireball              Conj/Fire      #####.....   9%          5    #####..
c - Conjure Flame         Conj/Fire      #####...     1%          3    ##.....
f - Throw Flame           Conj/Fire      #####.       1%          2    None
y - Sticky Flame          Conj/Fire      #####...     3%          4    ####...
z - Flame Tongue          Conj/Fire      #####        1%          1    None

Your spell library contained the following spells:

 Spells                   Type           Power        Failure   Level  Hunger
 Magic Dart               Conj           ####         1%          1    None
 Searing Ray              Conj           #####.       1%          2    None
 Iskenderun's Mystic Bla  Conj           #####...     3%          4    ####...
 Dazzling Spray           Conj/Hex       ####..       4%          3    ##.....
 Inner Flame              Hex/Fire       ####....     4%          3    ##.....
 Stone Arrow              Conj/Erth      ####..       4%          3    ##.....
 Animate Skeleton         Necr           N/A          9%          1    None
 Apportation              Tloc           #.....       9%          1    None
 Beastly Appendage        Tmut           #.....       9%          1    None
 Confusing Touch          Hex            #.....       9%          1    None
 Pain                     Necr           #...         9%          1    None
 Sandblast                Erth           #.....       9%          1    None
 Summon Small Mammal      Summ           #...         9%          1    None
 Corpse Rot               Necr           N/A          13%         2    None
 Passwall                 Tmut/Erth      #.......     13%         2    None
 Sticks to Snakes         Tmut           #.......     13%         2    None
 Sublimation of Blood     Necr           #.........   13%         2    None
 Force Lance              Conj/Tloc      ####....     17%         4    ####...
 Fulminant Prism          Conj/Hex       ####......   17%         4    ####...
 Confuse                  Hex            #.......     26%         3    ##.....
 Gell's Gravitas          Tloc           #.........   26%         3    ##.....
 Spider Form              Tmut/Pois      #.........   26%         3    ##.....
 Vampiric Draining        Necr           #.........   26%         3    ##.....
 Animate Dead             Necr           N/A          65%         4    ####...
 Ice Form                 Ice/Tmut       #.......     65%         4    ####...
 Petrify                  Tmut/Erth      #.......     65%         4    ####...
 Agony                    Necr           #.......     94%         5    #####..
 Blade Hands              Tmut           #.........   94%         5    #####..
 Borgnjor's Vile Clutch   Necr/Erth      #.........   94%         5    #####..
 Dispel Undead            Necr           #.......     94%         5    #####..
 Lee's Rapid Deconstruct  Erth           #.........   94%         5    #####..
 Metabolic Englaciation   Hex/Ice        #.........   94%         5    #####..
 Yara's Violent Unravell  Hex/Tmut       #.........   94%         5    #####..
 Simulacrum               Ice/Necr       #.........   100%        6    #######

Inventory:

Hand Weapons
 g - a +0 spear
 o - a +0 blowgun {@w1}
 s - a +2 war axe of venom
 v - the +1 whip "Poikh" (weapon) {slash, Int+3}
   (You took it off an orc on level 5 of the Dungeon)

   It inflicts extra damage upon your enemies.
   It affects your intelligence (+3).
Missiles
 p - 27 poisoned needles
 x - 2 throwing nets {=f}
Magical Staves
 e - an uncursed staff of poison {!a}
Jewellery
 C - a ring of ice (on tentacle)
 D - a +4 ring of slaying {unknown}
 O - a +1 ring of protection (on tentacle)
 Q - a ring of stealth (left tentacle)
 W - a ring of magical power (right tentacle)
Wands
 q - a wand of iceblast (10)
 u - a wand of flame (39)
 A - a wand of paralysis (13)
 B - a wand of random effects (30)
Scrolls
 c - 11 scrolls of identify {unknown}
 h - 3 scrolls of enchant armour
 i - 4 scrolls of remove curse {@r2}
 j - 3 scrolls of amnesia {unknown}
 t - a scroll of silence {unknown}
 y - 2 scrolls of teleportation {@r4}
 E - 3 scrolls of fog
 F - 4 scrolls of magic mapping {unknown}
Potions
 a - 2 potions of heal wounds {@q2}
 d - 3 potions of agility
 f - 2 potions of haste {unknown}
 k - a potion of degeneration {!q}
 l - a potion of brilliance {unknown}
 m - 3 potions of curing {unknown}
 n - 2 potions of invisibility {unknown}
 r - a potion of magic {unknown}
 z - a potion of lignification {unknown}
Comestibles
 b - 10 rations {@e1}

Dungeon Overview and Level Annotations

Branches:
Dungeon (11/15)            Temple (0/1) D:6            Lair (3/6) D:9
  Swamp: Lair:2-4    Shoals: Lair:2-4     Snake: Lair:2-4    Spider: Lair:2-4
    Orc: D:9-12

Altars:
Ashenzari
Elyvilon
Hepliaklqana
Kikubaaqudgha
Qazlal
Beogh

Shops:
D:10 ?

Annotations:
D:3 1 exclusion, Blork the orc
D:6 3 runed translucent doors, fooot's ghost, novice MiFi
D:10 exclusion: gargoyle

##...............##
##....###........##
. #...###
###...#### .. #..##
##### W.. #...#
#... ##..## #...
##..## #...###..##
#...W@..# ###....##
######


You could see a freezing wraith.


Message History

Casting: Flame Tongue (safe; 1% risk of failure)
Confirm with . or Enter, or press ? or * to list all spells.
Aiming: Flame Tongue (safe; 1% risk of failure)
Press: ? - help, Shift-Dir - straight line, f/p - freezing wraith
Aim: a freezing wraith (almost destroyed)
The flame tongue hits the freezing wraith but does no damage.
The freezing wraith is almost destroyed.
The freezing wraith hits you! The freezing wraith freezes you! You resist.
* * * LOW HITPOINT WARNING * * *
The freezing wraith closely misses you. x2
The freezing wraith barely misses you.
Unknown command.
Casting: Flame Tongue (safe; 1% risk of failure)
Confirm with . or Enter, or press ? or * to list all spells.
Aiming: Flame Tongue (safe; 1% risk of failure)
Press: ? - help, Shift-Dir - straight line, f/p - freezing wraith
Aim: a freezing wraith (almost destroyed)
The flame tongue hits the freezing wraith but does no damage.
The freezing wraith is almost destroyed.
The freezing wraith hits you!
* * * LOW HITPOINT WARNING * * *
The freezing wraith freezes you! You resist.
* * * LOW HITPOINT WARNING * * *
The freezing wraith hits you!
* * * LOW HITPOINT WARNING * * *
The freezing wraith drains your vigour!
You feel as though you will be slow longer.
The freezing wraith hits you!
You die...
Kikubaaqudgha rasps: "You have failed me!
Welcome... death!"

Skill      XL: |  1  2  3  4  5  6  7  8  9 10 11 |
---------------+----------------------------------+-----
Conjurations   | 2 3 4 5 7 8 |  8.0
Fire Magic     | 4 5 6 7 8 |  8.3
Spellcasting   | 3 4 5 |  5.0
Fighting       | 4 7 9 |  9.8
Dodging        | 4 8 10 | 10.1
Stealth        | |  2.6

Action                   |  1- 3 |  4- 6 |  7- 9 | 10-12 || total
-------------------------+-------+-------+-------+-------++-------
Melee: Unarmed           |    19 |       |       |       ||    19
       Constrict         |    16 |    22 |    42 |    24 ||   104
       Spear             |    55 |    40 |       |       ||    95
       Tentacles         |     8 |    13 |    34 |    17 ||    72
       War axe           |       |    49 |   151 |    55 ||   255
       Whip              |       |       |       |    51 ||    51
 Cast: Flame Tongue      |    30 |    41 |    83 |   127 ||   281
       Throw Flame       |     3 |    21 |    24 |    25 ||    73
       Sticky Flame      |       |       |    14 |    46 ||    60
       Conjure Flame     |       |       |     1 |    15 ||    16
       Fireball          |       |       |       |     4 ||     4
Evoke: Wand              |       |       |       |     4 ||     4
  Use: Potion            |     1 |     3 |     2 |       ||     6
       Scroll            |       |       |       |     3 ||     3
 Stab: Sleeping          |     7 |    13 |    10 |     7 ||    37
       Distracted        |       |     1 |     1 |       ||     2
  Eat: Chunk             |     2 |    10 |    18 |    18 ||    48
       Ration            |       |       |       |     3 ||     3
Armor: Skin              |    12 |     8 |     7 |    11 ||    38
Dodge: Dodged            |    48 |    81 |   167 |   198 ||   494

Levels and vault maps discovered:
D:1:      matt_arrival_refuge, layout_basic, minmay_misc_feat_rugged
D:2:      layout_basic, gammafunk_temple_overflow_claw, serial_bayou_lagoon_b
D:3:      layout_loops_cross, tgw_sif, first_ration, kennysheep_generic_room_16
D:4:      layout_rooms, lemuel_crystal_altar, lightli_sewer_entry_pipes,
          minmay_snake_closets, uniq_eustachio
D:5:      layout_cave_pools, biasface_ghost_orc_armoury, serial_column_ruins,
          column_ruins_grid_4, column_ruins_grid_3, column_ruins_grid_2,
          column_ruins_columns_water, column_ruins_open_small,
          column_ruins_columns_dead_end, column_ruins_open_large,
          minmay_misc_feat_secret_circle
D:6:      lemuel_insect_pit, layout_basic, temple_fountains,
          ebering_ghost_inner_flame, columned_hall_lemuel, uniq_blork_the_orc
D:7:      layout_loops_cross, minmay_misc_feat_five
D:9:      layout_roguey, overflow_temple_1_default,
          grunt_lair_entry_orc_guard_hut
D:10:     layout_roguey, serial_shops, shop
D:11:     hangedman_cross_cluster, layout_long_grid, hangedman_stone_soup,
          minivault_13
Lair:1:   layout_gridlike, beast_lair_carwin_1, grunt_megastairs_5
Lair:2:   layout_cave_pods, portal_ice_cave_entry_pillars_2
Lair:3:   layout_chaotic_city, minmay_shoals_entry_lonely_mermaid,
          lemuel_fruit_fields, grunt_megastairs_3
IceCv:    ice_cave_small_necro

Notes
Turn   | Place    | Note
-------+----------+-------------------------------------------
     0 | D:1      | Aisha the Octopode Fire Elementalist began the quest for
                  | the Orb.
     0 | D:1      | Reached XP level 1. HP: 11/11 MP: 3/3
   148 | D:1      | Reached XP level 2. HP: 17/17 MP: 0/5
   152 | D:1      | Learned a level 2 spell: Throw Flame
   896 | D:1      | Reached XP level 3. HP: 21/21 MP: 4/6
   901 | D:1      | Learned a level 3 spell: Conjure Flame
   934 | D:1      | Reached skill level 2 in Conjurations
  1549 | D:2      | Reached XP level 4. HP: 5/27 MP: 0/7
  1826 | D:2      | Found an ancient bone altar of Kikubaaqudgha.
  1826 | D:2      | Found a shattered altar of Ashenzari.
  1827 | D:2      | Found a stormy altar of Qazlal.
  1833 | D:2      | Became a worshipper of Kikubaaqudgha
  1943 | D:2      | Reached skill level 4 in Fire Magic
  2477 | D:3      | Reached XP level 5. HP: 30/31 MP: 4/9
  2664 | D:3      | Reached skill level 3 in Conjurations
  2814 | D:3      | Noticed Blork the orc
  3402 | D:4      | Reached skill level 3 in Spellcasting
  3566 | D:4      | Reached XP level 6. HP: 33/36 MP: 1/10
  3699 | D:4      | HP: 3/36 [poisoned by a scorpion]
  3774 | D:4      | Reached * piety under Kikubaaqudgha
  3774 | D:4      | Identified Kikubaaqudgha's Reference Book on Sinister Rites
                  | (Kikubaaqudgha gifted it to you on level 4 of the Dungeon)
  3774 | D:4      | Received a gift from Kikubaaqudgha
  4032 | D:4      | Noticed Eustachio
  4049 | D:4      | Killed Eustachio
  4049 | D:4      | Reached skill level 4 in Conjurations
  4049 | D:4      | Reached skill level 5 in Fire Magic
  4049 | D:4      | Reached XP level 7. HP: 33/41 MP: 4/12
  4147 | D:4      | Learned a level 4 spell: Sticky Flame
  4434 | D:4      | HP: 4/41 [poisoned by an orc wizard]
  4440 | D:4      | HP: 3/41 [poisoned by an orc wizard]
  4448 | D:4      | HP: 2/41 [poisoned by an orc wizard]
  5018 | D:4      | Reached skill level 5 in Conjurations
  5174 | D:4      | Reached skill level 6 in Fire Magic
  5176 | D:4      | Reached ** piety under Kikubaaqudgha
  5340 | D:4      | Reached skill level 4 in Spellcasting
  5380 | D:4      | Reached XP level 8. HP: 45/46 MP: 3/14
  5482 | D:4      | Found a white marble altar of Elyvilon.
  5700 | D:5      | Entered Level 5 of the Dungeon
  5815 | D:5      | Reached skill level 6 in Conjurations
  6134 | D:5      | Reached skill level 7 in Fire Magic
  6214 | D:5      | HP: 1/46 [centaur zombie (6)]
  6426 | D:5      | Reached *** piety under Kikubaaqudgha
  6426 | D:5      | Identified Kikubaaqudgha's Tome of Stolen Souls
                  | (Kikubaaqudgha gifted it to you on level 5 of the Dungeon)
  6426 | D:5      | Received a gift from Kikubaaqudgha
  6567 | D:5      | Found a runed translucent gate.
  6568 | D:5      | Found a runed translucent gate.
  6568 | D:5      | Identified the +1 whip "Poikh" {slash, Int+3}
  6569 | D:5      | Found a runed translucent gate.
  6570 | D:5      | Noticed growler's ghost (novice FoEE)
  6575 | D:5      | Found a roughly hewn altar of Beogh.
  6651 | D:5      | Reached skill level 7 in Conjurations
  6651 | D:5      | Reached XP level 9. HP: 51/51 MP: 6/16
  6658 | D:5      | Learned a level 5 spell: Fireball
  6969 | D:5      | Reached skill level 5 in Spellcasting
  7483 | D:4      | Killed growler's ghost
  7483 | D:4      | Reached skill level 8 in Fire Magic
  7596 | D:6      | Found a runed translucent door.
  7598 | D:6      | Noticed fooot's ghost (novice MiFi)
  7636 | D:6      | Found a staircase to the Ecumenical Temple.
  7754 | D:6      | Reached skill level 8 in Conjurations
  7914 | D:6      | Reached skill level 1 in Fighting
  8201 | D:6      | Found a runed translucent door.
  8208 | D:6      | Found a runed translucent door.
  8398 | D:6      | Reached skill level 2 in Fighting
  8398 | D:6      | Reached skill level 3 in Dodging
  8525 | D:7      | Reached skill level 3 in Fighting
  8808 | D:7      | Reached skill level 4 in Dodging
  9162 | D:7      | Reached skill level 4 in Fighting
  9162 | D:7      | Reached XP level 10. HP: 41/65 MP: 10/17
  9340 | D:7      | You fall through a shaft for 3 floors!
  9340 | D:10     | Entered Level 10 of the Dungeon
  9341 | D:10     | Noticed a gargoyle
  9365 | D:9      | Reached skill level 5 in Dodging
  9405 | D:9      | Reached **** piety under Kikubaaqudgha
  9575 | D:9      | Reached skill level 5 in Fighting
  9839 | D:9      | Reached skill level 6 in Dodging
  9936 | D:9      | Reached skill level 6 in Fighting
 10534 | D:9      | Found a hazy altar of Hepliaklqana.
 10567 | D:9      | Found a staircase to the Lair.
 10940 | D:10     | Reached skill level 7 in Dodging
 10998 | D:10     | Found Javeheux's Magic Scroll Emporium.
 11150 | D:10     | Bought a scroll of teleportation for 42 gold pieces
 11150 | D:10     | Bought a scroll of random uselessness for 14 gold pieces
 11213 | D:10     | Reached skill level 7 in Fighting
 11550 | D:10     | HP: 7/71 [poisoned by a killer bee]
 11555 | D:10     | HP: 5/71 [poisoned by a killer bee]
 11560 | D:10     | HP: 4/71 [poisoned by a killer bee]
 11567 | D:10     | HP: 4/71 [poisoned by a killer bee]
 11575 | D:10     | HP: 4/71 [poisoned by a killer bee]
 12095 | D:11     | Reached skill level 8 in Dodging
 12452 | D:11     | Reached XP level 11. HP: 76/76 MP: 18/18
 12486 | D:11     | Killed a deep elf mage
 12700 | D:11     | Noticed a cyclops
 12700 | D:11     | Noticed a deep elf mage
 12753 | D:10     | Reached skill level 8 in Fighting
 12780 | Lair:1   | Entered Level 1 of the Lair of Beasts
 13304 | Lair:1   | Reached skill level 9 in Dodging
 13564 | Lair:1   | Reached skill level 9 in Fighting
 14256 | Lair:2   | You fall through a shaft!
 14549 | Lair:2   | Found a frozen archway.
 14564 | IceCv    | Entered an ice cave
 14569 | IceCv    | Reached skill level 10 in Dodging
 14582 | IceCv    | Reached ***** piety under Kikubaaqudgha
 14936 | IceCv    | Slain by a freezing wraith

Vanquished Creatures
  The ghost of growler the Digger, a novice FoEE (D:4)
  A centaur skeleton (D:10)
  3 spiny frogs (Lair:1)
  3 komodo dragons
  A merfolk (D:11)
  4 hippogriffs
  A hornet (D:11)
  3 blink frogs (Lair:3)
  Eustachio (D:4)
  A basilisk (Lair:2)
  A wyvern (Lair:1)
  10 yaks
  A hungry ghost (D:9)
  2 death yak simulacra (IceCv)
  3 water moccasins (Lair:1)
  3 porcupines
  2 orc warriors
  A necrophage (D:10)
  A black bear (D:10)
  7 ice beasts
  2 ogres
  4 phantoms
  3 centaurs
  3 crocodiles
  2 big kobolds
  8 bullfrogs
  A gnoll sergeant (D:9)
  6 scorpions
  A swamp dragon simulacrum (IceCv)
  6 killer bees (D:10)
  A howler monkey (D:6)
  6 crimson imps
  A bullfrog zombie (D:5)
  3 hounds
  A centaur zombie (D:5)
  A jelly (D:4)
  2 bullfrog skeletons
  3 orc priests
  6 orc wizards
  3 iguanas
  4 worker ants
  A wolf simulacrum (IceCv)
  A hound skeleton (D:4)
  A worker ant zombie (D:6)
  16 gnolls
  23 adders
  5 river rats (D:4)
  A shadow imp (D:10)
  5 white imps (IceCv)
  3 adder skeletons
  3 worms
  5 leopard geckos
  25 orcs
  8 ball pythons (D:4)
  5 bats
  5 giant cockroaches
  10 goblins
  4 hobgoblins (D:1)
  13 jackals
  18 kobolds
  5 quokkas
  9 frilled lizards
  A giant cockroach zombie (D:5)
  A leopard gecko skeleton (D:5)
  10 rats
  A fungus (D:9)
296 creatures vanquished.

Vanquished Creatures (others)
  A deep elf mage (D:11)
  4 fungi
5 creatures vanquished.

Grand Total: 301 creatures vanquished

Table legend:
 A = Turns spent in this place as a percentage of turns spent in the entire game.
 B = Non-inter-level travel turns spent in this place as a percentage of non-inter-level travel turns spent in the entire game.
 C = Inter-level travel turns spent in this place as a percentage of turns spent in this place.
 D = Turns resting spent in this place as a percentage of non-inter-level travel turns spent in this place.
 E = Turns spent auto-exploring this place as a percentage of non-inter-level travel turns spent in this place.
 F = Non-inter-level travel turns spent in this place divided by the number of levels of this place that you've seen.
                   A       B       C       D       E      F
               +-------+-------+-------+-------+-------+----------------------
         Total | 100.0 | 100.0 |   2.4 |  53.0 |  28.5 | 1041.1
       Dungeon |  85.6 |  85.3 |   2.7 |  53.3 |  28.5 | 1243.7
          Lair |  11.9 |  12.1 |   1.0 |  47.5 |  35.1 | 588.7
      Ice Cave |   2.5 |   2.6 |   0.0 |  68.0 |   0.0 | 372.0
               +-------+-------+-------+-------+-------+----------------------

Table legend:
 A = Non-vault XP
 B = Vault XP
 C = Vault XP percentage of total XP
 D = Non-vault monster count
 E = Vault monster count
 F = Vault count percentage of total count
                 A         B        C        D         E       F
            +---------+---------+-------+---------+---------+-------
      Total |   11162 |    5382 |  32.5 |     222 |      73 |  24.7
            +---------+---------+-------+---------+---------+-------
        D:1 |      53 |       0 |   0.0 |      33 |       0 |   0.0
        D:2 |      70 |       0 |   0.0 |      18 |       0 |   0.0
        D:3 |     223 |       5 |   2.2 |      26 |       3 |  10.3
        D:4 |     491 |    1010 |  67.3 |      20 |      34 |  63.0
        D:5 |    1169 |      59 |   4.8 |      27 |       7 |  20.6
        D:6 |     659 |       0 |   0.0 |      19 |       0 |   0.0
        D:7 |     986 |       0 |   0.0 |      10 |       0 |   0.0
        D:9 |    1860 |     682 |  26.8 |      25 |       5 |  16.7
       D:10 |    1629 |       0 |   0.0 |      22 |       0 |   0.0
       D:11 |     438 |     527 |  54.6 |       4 |       3 |  42.9
     Lair:1 |    2031 |    2061 |  50.4 |      11 |       8 |  42.1
     Lair:2 |     703 |       0 |   0.0 |       3 |       0 |   0.0
     Lair:3 |     850 |       0 |   0.0 |       4 |       0 |   0.0
      IceCv |       0 |    1038 | 100.0 |       0 |      13 | 100.0
            +---------+---------+-------+---------+---------+-------
